 Dungeon Crawl Stone Soup version 0.26.1-2-gb8aa6d0cf2 (webtiles) character file.

Game seed: 16637074615012185938

5964 Gadfly the Ruffian (level 10, -14/98 HPs)
             Began as a Troll Monk on Feb 23, 2021.
             Was a High Priest of Wu Jian.
             Shot with a bolt by an orc warrior (26 damage)
             ... in a bailey.
             The game lasted 00:16:25 (7729 turns).

Gadfly the Ruffian (Troll Monk)                     Turns: 7729, Time: 00:16:25

Health: -14/98     AC:  7    Str: 26    XL:     10   Next: 54%
Magic:  6/9        EV: 13    Int:  6    God:    Wu Jian [*****.]
Gold:   801        SH:  0    Dex: 14    Spells: 9/9 levels left

rFire    . . .     SeeInvis .     - Unarmed
rCold    . . .     Faith    +   (no shield)
rNeg     . . .     Spirit   .   a - +1 robe
rPois    .         Reflect  .   (helmet restricted)
rElec    .         Harm     .   (no cloak)
rCorr    +         Rampage  .   (gloves unavailable)
Will     .....                  (boots unavailable)
Stlth    ++........             h - amulet of faith
HPRegen  0.66/turn              o - ring of resist corrosion
MPRegen  0.11/turn              (no ring)

@: no status effects
A: large, unfitting armour, beak, claws 3, agile 1, regeneration 1, screaming 1,
shaggy fur 1, strong 1, tough skin 3, MP-powered wands
a: Renounce Religion, Wall Jump, Serpent's Lash, Heavenly Storm


You were in a bailey.
You worshipped Wu Jian.
Wu Jian was extremely pleased with you.
You visited 2 branches of the dungeon, and saw 10 of its levels.
You also visited: Sewer and Bailey.

You collected 801 gold pieces.

Inventory:

Hand Weapons
 j - a +0 antimagic giant club
 u - a +0 whip of freezing
 w - a +2 vorpal mace
 z - the +6 halberd of Ulaceyc {freeze, rElec rC- Dex+4}
   (You found it on level 9 of the Dungeon)

   It has been specially enchanted to freeze those struck by it, causing extra
   injury to most foes and up to half again as much damage against particularly
   susceptible opponents.
   It can also slow down cold-blooded creatures.
   It affects your dexterity (+4).
   It makes you vulnerable to cold.
   It insulates you from electricity.
Armour
 a - a +1 robe (worn)
Jewellery
 h - an amulet of faith (around neck)
 o - a ring of resist corrosion (left claw)
 r - an uncursed amulet of regeneration
 s - an uncursed ring of fire
Wands
 d - a wand of acid (7)
 v - a wand of flame (7)
 y - a wand of iceblast (13)
Scrolls
 b - a scroll of magic mapping
 e - 8 scrolls of remove curse
 i - 4 scrolls of fog
 m - 2 scrolls of enchant armour
 n - 2 scrolls of blinking
 q - 2 scrolls of enchant weapon
Potions
 c - 2 potions of heal wounds
 f - a potion of haste
 g - 5 potions of curing
 k - 3 potions of attraction
 l - 2 potions of cancellation
 p - 2 potions of berserk rage
 t - 4 potions of flight
 x - a potion of might
 A - a potion of lignification


   Skills:
 + Level 5.7 Fighting
 + Level 6.5 Armour
 + Level 5.8 Dodging
 - Level 1.0 Stealth
 * Level 7.8 Unarmed Combat
 + Level 5.9 Evocations


You had 9 spell levels left.
You didn't know any spells.
Your spell library contained the following spells:

 Spells                   Type           Power        Failure   Level
 Freeze                   Ice            0%           45%         1
 Frozen Ramparts          Ice            0%           83%         3
 Ozocubu's Armour         Ice            0%           83%         3
 Hailstorm                Conj/Ice       0%           99%         4
 Summon Ice Beast         Ice/Summ       0%           99%         4


Dungeon Overview and Level Annotations

Branches:
Dungeon (9/15)             Temple (1/1) D:6            Lair (0/6) D:8
  Sewer (visited)          Bailey (1/1)
    Orc: D:9-12

Altars:
Cheibriados
Dithmenos
Elyvilon
Fedhas
Gozag
Hepliaklqana
Kikubaaqudgha
Makhleb
Nemelex Xobeh
Okawaru
Qazlal
Ru
Sif Muna
Trog
Uskayaw
Vehumet
Wu Jian
Xom
Yredelemnul
Zin
The Shining One

Shops:
D:5 [


Innate Abilities, Weirdness & Mutations

You are too large for most types of armour.
You have claws for hands.
Your natural rate of healing is unusually fast.
You are covered in fur. (AC +1)
You have extremely tough skin. (AC +3)
You have a beak for a mouth.
You are agile. (Dex +2)
You occasionally shout uncontrollably at your foes.
Your muscles are strong. (Str +2)
You expend magic power (3 MP) to strengthen your wands.


Message History

Press: ? - help, Shift-Dir - straight line, f - orc warrior
Aim: an orc warrior, wielding a +0 arbalest, wearing a +0 scale mail and quivering 15 bolts (30% to evade)
You feel a surge of power!
The puff of flame hits the orc warrior!
The orc warrior is moderately wounded.
The orc warrior shoots a bolt.
The bolt barely misses you.
The orc warrior shoots a bolt.
The bolt misses you.
You see here a bolt.
The orc shouts!
The orc warrior shoots a bolt.
The bolt closely misses you.
The orc warrior shoots a bolt.
The bolt hits you!
* * * LOW HITPOINT WARNING * * *
The orc warrior shoots a bolt.
The bolt barely misses you.
You see here 3 bolts.
The orc shoots a bolt.
The bolt hits you!
* * * LOW HITPOINT WARNING * * *
The orc warrior shoots a bolt.
The bolt hits you!
* * * LOW HITPOINT WARNING * * *
You see here 3 bolts.
The orc warrior shoots a bolt.
The bolt hits you!!
You die...

...≈##.∩#≈.....
#......≈≈#o#.≈.....
#.......≈≈≈≈≈o..(##
#...............##
#.........o...(##
#............((#
#...........((##
#.............#
#(@(((o...(...#
#(...(.((.....#
#.............#
#..............#
#..............#
#...............#
#.......≈≈≈≈≈....#
#......≈≈#o#o≈....
#......≈##oo#≈...


You could see an orc warrior.

Vanquished Creatures
  Pikel (D:4)
  Joseph (D:8)
  Grinder (Sewer)
  5 yaks (D:9)
  A water moccasin (D:4)
  A black bear (D:6)
  5 orc warriors
  4 sky beasts
  9 ogres
  A phantom (D:6)
  2 eyes of draining (D:8)
  4 centaurs
  3 big kobolds
  2 bullfrogs (D:7)
  3 scorpions
  A wight (D:6)
  5 howler monkeys
  2 quasits
  2 centaur zombies
  2 hounds (D:4)
  4 orc wizards
  A jelly (D:7)
  A centaur skeleton (D:4)
  9 orc priests
  Ijyb (D:4)
  3 iguanas
  7 worker ants
  A big kobold zombie (Sewer)
  A hound skeleton (D:5)
  A howler monkey zombie (D:8)
  A worker ant zombie (D:5)
  11 adders
  3 gnolls (D:7)
  A howler monkey skeleton (D:6)
  2 shadow imps (Sewer)
  A white imp (D:8)
  An ooze (Sewer)
  4 ufetubi
  2 worms
  4 dart slugs
  8 leopard geckos
  26 orcs
  11 giant cockroaches
  3 goblins
  6 hobgoblins
  15 jackals
  3 quokkas
  4 ball pythons
  11 bats
  7 frilled lizards
  A giant cockroach zombie (Sewer)
  A jackal skeleton (D:8)
  21 kobolds
  A kobold zombie (Sewer)
  A quokka zombie (D:7)
  7 rats
240 creatures vanquished.

Vanquished Creatures (others)
  An orc wizard (D:8)
  An ooze (Sewer)
  A giant cockroach zombie (Sewer)
3 creatures vanquished.

Grand Total: 243 creatures vanquished

Notes
Turn   | Place    | Note
-------+----------+-------------------------------------------
     0 | D:1      | Gadfly the Troll Monk began the quest for the Orb.
     0 | D:1      | Reached XP level 1. HP: 22/22 MP: 0/0
   145 | D:1      | Reached XP level 2. HP: 29/29 MP: 1/1
   361 | D:1      | Reached XP level 3. HP: 35/36 MP: 2/2
   512 | D:1      | Gained mutation: Your flesh is heat resistant. (rF+)
                  | [potion of mutation]
   660 | D:2      | Reached skill level 1 in Armour
   660 | D:2      | Reached skill level 1 in Evocations
   694 | D:2      | Reached XP level 4. HP: 20/44 MP: 3/3
   887 | D:2      | Found a burning altar of Makhleb.
   887 | D:2      | Found a white marble altar of Elyvilon.
  1072 | D:2      | Found a sacrificial altar of Ru.
  1984 | D:4      | Noticed an ogre
  1995 | D:3      | Killed an ogre
  1996 | D:3      | Reached XP level 5. HP: 22/53 MP: 4/4
  2072 | D:4      | Reached XP level 6. HP: 55/61 MP: 5/5
  2109 | D:4      | Found a stormy altar of Qazlal.
  2109 | D:4      | Found a sparkling altar of Nemelex Xobeh.
  2111 | D:4      | Found a shimmering blue altar of Sif Muna.
  2115 | D:4      | Reached skill level 4 in Unarmed Combat
  2144 | D:4      | Found a hazy altar of Hepliaklqana.
  2155 | D:4      | Found an ornate altar of the Wu Jian Council.
  2159 | D:4      | Became a worshipper of the Wu Jian Council
  2159 | D:4      | Reached * piety under Wu Jian
  2159 | D:4      | Reached ** piety under Wu Jian
  2179 | D:4      | Found a glowing drain.
  2194 | Sewer    | Entered a sewer
  2332 | Sewer    | Found a burning altar of Makhleb.
  2349 | Sewer    | Reached XP level 7. HP: 65/67 MP: 6/6
  2392 | Sewer    | Reached *** piety under Wu Jian
  2451 | Sewer    | Noticed Grinder
  2461 | Sewer    | Killed Grinder
  2642 | D:4      | Found a snail-covered altar of Cheibriados.
  3129 | D:4      | Noticed Pikel
  3147 | D:4      | Killed Pikel
  3148 | D:4      | Reached XP level 8. HP: 69/78 MP: 7/7
  3266 | D:4      | Reached skill level 5 in Unarmed Combat
  3279 | D:4      | Noticed Ijyb
  3292 | D:4      | Killed Ijyb
  3602 | D:5      | Entered Level 5 of the Dungeon
  3712 | D:5      | Found Vugi's Armour Emporium.
  3841 | D:5      | Reached **** piety under Wu Jian
  4190 | D:4      | Reached XP level 9. HP: 73/85 MP: 8/8
  4196 | D:4      | Reached skill level 5 in Armour
  4496 | D:5      | Identified a scroll of acquirement
  4498 | D:5      | Acquired 428 gold pieces
  4519 | D:6      | Found a hazy altar of Hepliaklqana.
  4688 | D:6      | Reached skill level 5 in Evocations
  4905 | D:6      | Found an iron altar of Okawaru.
  5137 | D:6      | Found a staircase to the Ecumenical Temple.
  5145 | Temple   | Entered the Ecumenical Temple
  5491 | D:6      | Lost mutation: Your flesh is heat resistant. (rF+) [potion
                  | of mutation]
  5491 | D:6      | Gained mutation: You are frail. (-10% HP) [potion of
                  | mutation]
  5491 | D:6      | Gained mutation: You expend magic power (3 MP) to
                  | strengthen your wands. [potion of mutation]
  5491 | D:6      | Gained mutation: Your flesh is heat resistant. (rF+)
                  | [potion of mutation]
  5491 | D:6      | Gained mutation: You have a beak for a mouth. [potion of
                  | mutation]
  5492 | D:6      | Lost mutation: Your flesh is heat resistant. (rF+) [potion
                  | of mutation]
  5492 | D:6      | Lost mutation: You are frail. (-10% HP) [potion of
                  | mutation]
  5492 | D:6      | Gained mutation: You occasionally shout uncontrollably at
                  | your foes. [potion of mutation]
  5492 | D:6      | Gained mutation: Your muscles are strong. (Str +2) [potion
                  | of mutation]
  5492 | D:6      | Gained mutation: You are agile. (Dex +2) [potion of
                  | mutation]
  5554 | D:7      | Reached skill level 5 in Dodging
  5580 | D:7      | Reached skill level 6 in Unarmed Combat
  5728 | D:7      | Reached skill level 5 in Fighting
  6009 | D:7      | Reached ***** piety under Wu Jian
  6614 | D:8      | Reached XP level 10. HP: 96/96 MP: 9/9
  6633 | D:8      | Noticed Joseph
  6644 | D:8      | Killed Joseph
  7018 | D:8      | Found a bloodstained altar of Trog.
  7024 | D:8      | Reached skill level 7 in Unarmed Combat
  7254 | D:8      | Found a staircase to the Lair.
  7381 | D:9      | Found a shadowy altar of Dithmenos.
  7496 | D:9      | Found a flagged portal.
  7504 | D:9      | Got a polished halberd
  7524 | D:9      | Identified the +6 halberd of Ulaceyc {freeze, rElec rC-
                  | Dex+4} (You found it on level 9 of the Dungeon)
  7529 | Bailey   | Entered a bailey
  7729 | Bailey   | Shot with a bolt by an orc warrior

Illustrated notes

Levels and vault maps discovered:
D:1:      noname_arrival_rooms_in_the_neighbourhood, layout_basic,
          minmay_misc_feat_pillars, minmay_unequal
D:2:      layout_basic, minitemple, nicolae_ru_the_path_less_chosen
D:3:      layout_loops_ring
D:4:      layout_loops_ring, nicolae_overflow_quartered_altars, kennysheep_mini,
          lemuel_round_altar, portal_sewer_entry_f, lightli_corner_chamber,
          uniq_ijyb, uniq_pikel
D:5:      layout_cave_pools, serial_shops, shop
D:6:      layout_loops_ring, minmay_temple_entry_proselytizer,
          hangedman_feature_mirror
D:7:      layout_loops_corners
D:8:      layout_basic, trog_eyes_of_draining, lair_entry_dummy, uniq_joseph
D:9:      layout_loops_ring, lemuel_doored_altar, gammafunk_ghost_cemetery,
          enter_bailey_2, wad_floor_pattern_2,
          nicolae_dithmenos_through_a_glass_darkly
Temple:   minmay_temple_bridge_abc
Bailey:   bailey_polearm_2, bailey

Skill      XL: |  1  2  3  4  5  6  7  8  9 10 |
---------------+-------------------------------+-----
Armour         | 1 2 4 6 |  6.5
Evocations     | 1 2 4 5 |  5.9
Fighting       | 3 4 5 |  5.7
Dodging        | 3 4 5 |  5.8
Unarmed Combat | 4 5 6 7 |  7.8
Stealth        | |  1.0

Action                   |  1- 3 |  4- 6 |  7- 9 | 10-12 || total
-------------------------+-------+-------+-------+-------++-------
Melee: Unarmed           |    87 |   184 |   393 |   114 ||   778
       Punch             |     2 |     1 |    15 |     5 ||    23
       Peck              |       |       |    22 |    29 ||    51
Invok: Lunge             |       |     2 |    25 |     7 ||    34
       Whirlwind         |       |       |    10 |     3 ||    13
 Abil: Wall Jump         |       |       |     1 |     3 ||     4
Evoke: Wand              |       |       |       |     6 ||     6
  Use: Scroll            |     3 |    11 |    10 |     1 ||    25
       Potion            |     1 |       |     8 |       ||     9
 Stab: Sleeping          |     1 |     3 |     7 |       ||    11
Armor: Robe              |    44 |    75 |   109 |    13 ||   241
Dodge: Dodged            |    47 |   110 |   220 |    70 ||   447
